 Dungeon Crawl Stone Soup version bcrawl-1.17.3 (webtiles) character file.

Game seed: 3688776250293944070

11 Ethylacetat the Sneak (level 2, -1/21 HPs)
             Began as a Demonspawn Archaeologist on Oct 19, 2019.
             Slain by a hobgoblin (3 damage)
             ... on level 1 of the Dungeon.
             The game lasted 00:00:32 (293 turns).

Ethylacetat the Sneak (Demonspawn Archaeologist)     Turns: 293, Time: 00:00:32

Health: -1/21      AC:  6    Str: 11    XL:     2   Next: 13%
Magic:  2/2        EV: 13    Int: 15    God:
Gold:   34         SH:  0    Dex: 11    Spells: 1/1 levels left

rFire    . . .     SeeInvis .   a - +0 whip
rCold    . . .     Gourm    .   (no shield)
rNeg     . . .     Faith    .   b - +1 robe
rPois    .         Spirit   .   c - +1 hat
rElec    .         Reflect  .   (no cloak)
rCorr    .         Harm     .   (no gloves)
MR       .....                  d - +1 pair of boots
Stlth    ++........             (no amulet)
HPRegen  0.07/turn              (no ring)
MPRegen  0.08/turn              (no ring)

@: no status effects
A: demonic guardian 1
a: no special abilities


You were on level 1 of the Dungeon.
You were not hungry.

You visited 1 branch of the dungeon, and saw 1 of its levels.

You collected 34 gold pieces.

Inventory:

Hand Weapons
 a - a +0 whip (weapon)
Armour
 b - a +1 robe (worn)
 c - a +1 hat (worn)
 d - a +1 pair of boots (worn)
Scrolls
 j - a scroll of fear {unknown}
 l - a scroll of identify {unknown}
Potions
 h - a potion of heal wounds {unknown}
 i - a potion of magic {unknown}
 k - a potion of curing {unknown}
 m - 2 potions of flight {unknown}
Miscellaneous
 e - a dusty tome
 f - an ancient crate
Comestibles
 g - 2 rations {!d}


   Skills:
 + Level 1.0 Fighting
 + Level 1.2 Maces & Flails
 + Level 2.8 Dodging
 + Level 3.3 Stealth


You had one spell level left.
You didn't know any spells.
Your spell library was empty.

Dungeon Overview and Level Annotations

Branches:
Dungeon (1/12)

Altars:


Innate Abilities, Weirdness & Mutations

A weak demonic guardian rushes to your aid.


Message History

You closely miss the quokka.
The quokka is severely wounded.
The quokka bites you. The hobgoblin barely misses you. The quokka bites you.
You closely miss the quokka.
The quokka is severely wounded.
The quokka bites you.
* * * LOW HITPOINT WARNING * * *
The hobgoblin hits you.
* * * LOW HITPOINT WARNING * * *
You closely miss the quokka.
The quokka is severely wounded.
The quokka barely misses you. The hobgoblin barely misses you.
You hit the quokka.
You kill the quokka!
The hobgoblin hits you.
* * * LOW HITPOINT WARNING * * *
You hit the hobgoblin.
The hobgoblin is moderately wounded.
The hobgoblin hits you.
You die...

#d#.#m# #. ###.### ##.##
#i#.#M# #...# ###.###
#...###########
#.#.#e####.....$.......######
###.###......................
#a#.#c#..................###
###.###.....g...######.#.#
#f#.#n####..@##.# #.#.## #.
###.### #......# #....### ..
#x#.#h# #...#..# #......# .#
###'### #......# ##...#.# .##
##.# #...#.## ##.....
..####..# #.... ###..#.#
.......## ##..# ##......#
..###### #..# ###.....### .##
#..# #...#......


You could see a hobgoblin.

Vanquished Creatures
  A dart slug (D:1)
  3 goblins (D:1)
  A hobgoblin (D:1)
  A quokka (D:1)
  A bat (D:1)
  A kobold (D:1)
  A rat (D:1)
9 creatures vanquished.

Notes
Turn   | Place    | Note
-------+----------+-------------------------------------------
     0 | D:1      | Ethylacetat the Demonspawn Archaeologist began the quest
                  | for the Orb.
     0 | D:1      | Reached XP level 1. HP: 15/15 MP: 1/1
     4 | D:1      | Noticed a dwarf
     4 | D:1      | Noticed a demigod
     6 | D:1      | Noticed a naga
     6 | D:1      | Noticed a halfling
     8 | D:1      | Noticed a vampire
     8 | D:1      | Noticed a demonspawn
    10 | D:1      | Noticed a gargoyle
    10 | D:1      | Noticed a troll
    12 | D:1      | Noticed a tengu
    12 | D:1      | Noticed an ogre
    14 | D:1      | Noticed a minotaur
    14 | D:1      | Noticed a human
    16 | D:1      | Noticed a draconian
    16 | D:1      | Noticed a merfolk
    18 | D:1      | Noticed a spriggan
    20 | D:1      | Noticed an elf
    22 | D:1      | Noticed a formicid
    22 | D:1      | Noticed a centaur
    24 | D:1      | Noticed a vine stalker
    24 | D:1      | Noticed a ghoul
    26 | D:1      | Noticed an octopode
    26 | D:1      | Noticed a felid
   130 | D:1      | Reached skill level 1 in Maces & Flails
   155 | D:1      | Gained mutation: A weak demonic guardian rushes to your
                  | aid. [demonic ancestry]
   155 | D:1      | Reached XP level 2. HP: 17/21 MP: 2/2
   293 | D:1      | Slain by a hobgoblin

Skill      XL: |  1 |
---------------+----+-----
Maces & Flails | 1 |  1.2
Fighting       | |  1.0
Dodging        | |  2.8
Stealth        | |  3.3

Action                   || total
-------------------------++-------
Melee: Whip              ||    45
 Stab: Sleeping          ||     2
Armor: Robe              ||    19
Dodge: Dodged            ||    31
